 Dungeon Crawl Stone Soup version 0.30-a0-913-g9934a0ce24 (webtiles) character file.

Game seed: 11338519802867807102

51 selver the Shooter (level 3, -4/30 HPs)
             Began as a Minotaur Hunter on Mar 20, 2023.
             Slain by an iguana (12 damage)
             ... on level 3 of the Dungeon.
             The game lasted 00:03:44 (1593 turns).

selver the Shooter (Minotaur Hunter)                Turns: 1593, Time: 00:03:44

Health: -4/30      AC:  5    Str: 15    XL:     3   Next: 58%
Magic:  2/2        EV: 11    Int:  6    God:
Gold:   7          SH:  0    Dex: 15    Spells: 2/2 levels left

rFire   . . .      SeeInvis .    a - +0 shortbow
rCold   . . .      Faith    .    (shield currently unavailable)
rNeg    . . .      Spirit   .    g - +0 ring mail
rPois   .          Reflect  .    (helmet restricted)
rElec   .          Rampage  .    (no cloak)
rCorr   .                        (no gloves)
Will    .....                    (no boots)
Stlth   +                        l - amulet of regeneration
HPRegen 1.05/turn                (no ring)
MPRegen 0.08/turn                (no ring)

@: no status effects
A: horns 2, retaliatory headbutt
a: no special abilities


You were on level 3 of the Dungeon.
You visited 1 branch of the dungeon, and saw 3 of its levels.

You collected 33 gold pieces.
You spent 26 gold pieces at shops.

Inventory:

Hand Weapons
 a - a +0 shortbow (weapon)
Armour
 c - a +0 leather armour
 e - a +0 chain mail
 f - a +0 plate armour
 g - a +0 ring mail (worn)
Jewellery
 l - an amulet of regeneration (around neck)
Scrolls
 b - 2 scrolls of immolation
 h - 3 scrolls of teleportation {unknown}
 i - a scroll of torment {unknown}
Potions
 d - a potion of flight
 j - a potion of berserk rage
 k - a potion of might
 m - a potion of resistance {unknown}


   Skills:
 - Level 2.4 Fighting
 + Level 5.9 Ranged Weapons
 - Level 2.1 Dodging
 - Level 0.7 Stealth


You had 2 spell levels left.
You didn't know any spells.
Your spell library contained the following spells:

 Spells                   Type           Power      Damage    Failure   Level
 Sting                    Tmut/Pois      0%         1d3       69%         1
 Poisonous Vapours        Pois/Air       0%         N/A       83%         2
 Olgreb's Toxic Radiance  Pois           0%         N/A       100%        4


Dungeon Overview and Level Annotations

Branches:
Dungeon (3/15)

Altars:

Shops:
D:2 ?


Innate Abilities, Weirdness & Mutations

You have a pair of horns on your head.
You reflexively headbutt those who attack you in melee.


Message History

The iguana is lightly wounded.
A ball python comes into view.
You shoot an arrow. The ball python hisses angrily.
The arrow hits the iguana.
The iguana is heavily wounded.
A quokka comes into view.
The quokka moves out of view.
You shoot an arrow. The arrow barely misses the iguana.
A quokka comes into view.
You shoot an arrow. The arrow hits the iguana.
The iguana is heavily wounded.
A giant cockroach comes into view.
The iguana bites you!
The giant cockroach moves out of view.
You shoot an arrow.
The arrow hits the iguana but does no damage.
The iguana is heavily wounded.
The iguana bites you but does no damage.
The iguana bites you!
You are too injured to fight recklessly!
Okay, then.
You are too injured to fight recklessly!
Fire: a) +0 shortbow
Press: ? - help, Q - select action Shift-Dir - straight line, f/p - iguana
Aim: an iguana (heavily wounded, 65% to hit)
You shoot an arrow. The arrow barely misses the iguana.
The arrow closely misses the giant cockroach.
The arrow hits the quokka.
You kill the quokka!
The iguana bites you!
* * * LOW HITPOINT WARNING * * *
An adder comes into view.
Fire: a) +0 shortbow
Press: ? - help, Q - select action Shift-Dir - straight line, f/p - iguana
Aim: an iguana (heavily wounded, 65% to hit)
You shoot an arrow. The arrow barely misses the iguana.
The arrow hits the ball python!
You kill the ball python!
The iguana bites you!
You die...

#.# #.# #.# #.# #.#
#####.##
##.####......###.##
.....[........S....
##.####.###@.###.##
#.##.lB## #.......#
####...## ##†## #.#
#.# #+. .


You could see an iguana, an adder and a giant cockroach.

Vanquished Creatures
  An adder (D:2)
  2 dart slugs
  2 bats (D:1)
  3 endoplasms
  A giant cockroach (D:1)
  A goblin (D:1)
  3 hobgoblins
  6 kobolds
  4 quokkas
  6 ball pythons
  4 frilled lizards
  4 rats
37 creatures vanquished.

Notes
Turn   | Place    | Note
-------+----------+-------------------------------------------
     0 | D:1      | selver the Minotaur Hunter began the quest for the Orb.
     0 | D:1      | Reached XP level 1. HP: 18/18 MP: 0/0
   179 | D:1      | Reached XP level 2. HP: 25/25 MP: 1/1
   188 | D:1      | Reached skill level 5 in Ranged Weapons
   494 | D:1      | You fall into a shaft and drop 1 floor!
   718 | D:2      | Reached XP level 3. HP: 17/30 MP: 2/2
   961 | D:2      | Found Tuzoth's Magic Scroll Shop.
   971 | D:2      | Bought a scroll of identify for 26 gold pieces
  1072 | D:2      | Found a faded altar of an unknown god.
  1593 | D:3      | Slain by an iguana

Illustrated notes

Levels and vault maps discovered:
D:1:      elethiomel_arrival_shortcut, layout_rooms, st_stairs_12,
          grunt_decor_cap, serial_bayou_lagoon_b
D:2:      layout_basic, serial_shops, shop, hellmonk_ecumenical_altar_blasted
D:3:      layout_loops_corners, portal_sewer_entry_f, cheibrodos_gnoll_hut

Skill      XL: |  1  2 |
---------------+-------+-----
Ranged Weapons | 5 |  5.9
Fighting       | |  2.4
Dodging        | |  2.1
Stealth        | |  0.7

Action                     || total
---------------------------++-------
   Fire: Shortbow          ||   103
    Use: Scroll            ||     3
 Armour: Leather armour    ||     5
         Ring mail         ||     6
  Dodge: Dodged            ||    33

Table legend: (Time is in decaauts)
 A = Elapsed time spent in this place.
 B = Non-inter-level travel time spent in this place.
 C = Inter-level travel time spent in this place.
 D = Time resting spent in this place.
 E = Time spent auto-exploring this place.
 F = Levels seen in this place.
 G = Mean time per level.
                   A        B        C        D        E       F      G
               +--------+--------+--------+--------+--------+-----+--------+
         Total |   1644 |   1505 |    139 |     72 |   1174 |   3 |  548.0 |
       Dungeon |   1644 |   1505 |    139 |     72 |   1174 |   3 |  548.0 |
               +--------+--------+--------+--------+--------+-----+--------+

Top non-repeatable levels by time:
     D:2: 864 daAuts
     D:1: 633 daAuts
     D:3: 147 daAuts
